Map: [ESL] Altitude

Players

Solar

  • Race: Zerg Zerg
  • League: Master
  • Spawn Location: 1:00

Reynor - Winner!

  • Race: Zerg Zerg
  • League: Master
  • Spawn Location: 7:00

Event: HomeStory Cup XXIII

VOD

Have the link to the VOD?

Description

Time

  • Played on: July 2, 2023, 5:29 p.m.
  • Length: 7:09

All games in this series

Show
View Real Time Build Order
Export as new Build Order

Solar Zerg 

Build Orders: Hatch First 

Get SALT Encoding   

  12  0:00  Drone  
  13  0:11  Overlord  
  13  0:17  Drone  
  14  0:30  Drone x2  
  16  0:47  Hatchery  
  15  0:50  Drone  
  15  0:55  Drone  
  17  0:59  Drone  
  18  1:08  Extractor  
  17  1:15  Spawning Pool  
  17  1:18  Drone  
  17  1:20  Drone  
  18  1:28  Drone  
  19  1:39  Drone  
  20  1:49  Drone  
  21  2:02  Queen x2  
  21  2:03  Zergling x2  
  21  2:04  Overlord  
  26  2:10  Drone x2  
  26  2:12  Metabolic Boost  
  28  2:23  Drone x2  
  30  2:36  Hatchery  
  29  2:37  Zergling x2  
  30  2:46  Queen  
  32  2:51  Baneling Nest  
  32  2:53  Drone  
  32  2:57  Overlord  
  32  3:01  Drone  
  32  3:03  Drone  
  34  3:08  Drone x2  
  36  3:16  Drone  
  36  3:17  Drone x3  
  40  3:20  Zergling x2  
  40  3:22  Zergling x2  
  40  3:26  Evolution Chamber  
  41  3:30  Overlord  
  41  3:34  Drone  
  41  3:35  Drone  
  43  3:44  Zergling x2  
  43  3:48  Drone x2  
  45  3:49  Drone x2  
  45  3:52  Zergling x2  
  45  3:54  Baneling x2  
  48  3:55  Zergling x2  
  48  3:59  Zergling x8  
  48  4:00  Zergling x2  
  54  4:05  Zergling x2  
  54  4:09  Zerg Ground Armor Level 1  
  55  4:16  Drone x3  
  58  4:17  Overlord  
  58  4:20  Overlord  
  58  4:27  Extractor x2, Drone  
  58  4:28  Roach Warren  
  58  4:29  Drone  
  58  4:30  Drone  
  58  4:32  Overlord  
  58  4:37  Drone  
  59  4:39  Overlord  
  59  4:43  Drone  
  59  4:44  Drone  
  60  4:47  Overlord  
  60  5:04  Extractor  
  59  5:07  Roach x5  
  59  5:08  Roach x3  
  59  5:12  Roach x3  
  80  5:15  Roach  
  80  5:19  Zergling x6  
  85  5:23  Zergling x2  
  85  5:24  Zergling x4  
  85  5:25  Zergling x2  
  85  5:26  Zergling x2  
  90  5:29  Zergling x4  
  90  5:33  Zergling x4  
  94  5:37  Overlord  
  94  5:39  Zergling x4  
  94  5:42  Overlord  
  95  5:50  Zergling x4  
  95  5:55  Overlord  
  95  5:56  Zergling x10  
  102  5:59  Zergling x2  
  102  6:03  Zergling x2  
  102  6:04  Zergling x4  
  106  6:05  Zergling x2  
  106  6:14  Zergling x6  
  106  6:16  Baneling x2  
  106  6:17  Zergling x2  
  97  6:21  Zergling x2  
  97  6:25  Zergling x2  
  96  6:27  Zergling x2  
  96  6:28  Baneling x13  
  96  6:30  Baneling x2  
  96  6:31  Baneling x2  
  96  6:32  Zergling x2  
  96  6:34  Zergling x2  
  96  6:35  Baneling x2  
  96  6:37  Zergling x2  
  98  6:41  Zergling x6  
  98  6:43  Zergling x2  
  98  6:46  Zergling x4  
  102  6:48  Zergling x2  
Show
View Real Time Build Order
Export as new Build Order

Reynor Zerg - Winner!

Build Orders: Hatch First 

Get SALT Encoding   

  12  0:00  Drone  
  13  0:12  Overlord  
  13  0:17  Drone  
  14  0:30  Drone x2  
  16  0:48  Hatchery  
  15  0:52  Drone  
  15  0:55  Drone  
  17  0:58  Drone  
  18  1:09  Extractor  
  17  1:15  Spawning Pool  
  17  1:17  Drone  
  17  1:21  Drone  
  18  1:27  Drone  
  19  1:38  Drone  
  20  1:48  Drone  
  21  1:59  Overlord  
  21  2:01  Queen x2, Zergling x2  
  26  2:09  Metabolic Boost  
  26  2:10  Drone  
  26  2:13  Drone  
  28  2:21  Zergling x2  
  28  2:22  Drone  
  30  2:32  Drone x2  
  32  2:41  Hatchery  
  31  2:48  Drone, Baneling Nest  
  32  2:51  Drone  
  32  2:56  Overlord  
  32  2:59  Drone  
  32  3:04  Drone  
  32  3:05  Drone  
  35  3:11  Drone  
  36  3:14  Zergling x2  
  36  3:15  Zergling x6  
  36  3:18  Overlord  
  40  3:24  Drone  
  40  3:25  Drone, Evolution Chamber  
  41  3:31  Queen  
  44  3:34  Drone  
  44  3:37  Drone  
  44  3:39  Drone  
  46  3:41  Baneling  
  46  3:43  Drone x2  
  46  3:46  Drone  
  49  3:49  Drone x2  
  49  3:51  Drone  
  52  3:56  Zerg Ground Armor Level 1  
  52  3:58  Drone  
  52  4:01  Drone x2  
  54  4:05  Drone x2  
  56  4:11  Roach Warren  
  56  4:13  Overlord  
  56  4:15  Drone  
  57  4:17  Drone  
  57  4:20  Extractor  
  56  4:24  Drone x2  
  56  4:26  Overlord  
  56  4:28  Overlord  
  58  4:32  Baneling x2  
  58  4:33  Drone x2  
  58  4:34  Drone  
  58  4:36  Overlord  
  58  4:37  Extractor  
  60  4:41  Overlord, Drone x2  
  60  4:44  Drone x2  
  63  4:53  Overlord  
  63  4:58  Roach x4  
  71  5:02  Roach  
  71  5:06  Roach  
  75  5:07  Zergling x6  
  75  5:13  Roach  
  80  5:15  Roach  
  80  5:20  Drone  
  83  5:23  Extractor, Drone  
  83  5:25  Drone x2  
  83  5:26  Drone, Lair  
  83  5:27  Drone  
  87  5:29  Drone  
  87  5:31  Drone  
  87  5:32  Overlord  
  87  5:34  Drone  
  90  5:37  Drone x3  
  90  5:40  Overlord  
  90  5:41  Drone x2, Hatchery  
  94  5:48  Overlord  
  94  5:52  Roach x2  
  98  5:58  Roach x3  
  98  6:01  Spine Crawler  
  98  6:02  Roach x3, Spine Crawler  
  98  6:03  Spine Crawler  
  107  6:05  Overlord  
  107  6:07  Roach x2  
  107  6:08  Roach x3  
  117  6:12  Overlord  
  117  6:15  Roach  
  117  6:17  Roach  
  117  6:21  Queen  
  117  6:25  Roach x2  
  118  6:28  Roach  
  118  6:30  Roach x2  
  118  6:31  Roach  
  126  6:34  Roach x5  
  126  6:37  Roach x2  
  140  6:40  Roach  
  140  6:42  Overlord  
  140  6:50  Roach  
Tags
 
Add a new tag
Caveats
  • Supply blocks, unpowered buildings, or Contaminate may cause inaccurate times.
  • Supply counts are checked every 10 seconds.